 Dungeon Crawl Stone Soup version 0.20.1-1-g8b1a95d (webtiles) character file.

161 Ketharn the Chopper (level 5, 0/46 HPs)
             Began as a Minotaur Berserker on June 8, 2017.
             Was a Believer of Trog.
             Succumbed to an adder's poison
             ... on level 3 of the Dungeon on Sept 18, 2017.
             The game lasted 00:07:46 (2365 turns).

Ketharn the Chopper (Minotaur Berserker)            Turns: 2365, Time: 00:07:46

Health: 0/46       AC:  2    Str: 23    XL:     5   Next: 19%
Magic:  4/4        EV:  9    Int:  4    God:    Trog [**....]
Gold:   130        SH:  7    Dex:  9    Spells: 4/4 levels left

rFire    . . .     SeeInvis .   a - +2 hand axe
rCold    . . .     Gourm    .   e - +0 shield
rNeg     . . .     Faith    .   b - +0 animal skin
rPois    .         Spirit   .   (helmet restricted)
rElec    .         Reflect  .   (no cloak)
rCorr    .         Harm     .   (no gloves)
MR       .....                  (no boots)
Stlth    +.........             (no amulet)
Regen    0.2/turn               (no ring)
MPRegen  0.1/turn               (no ring)

@: lethally poisoned (0 -> -1)
A: retaliatory headbutt, horns 2
a: Berserk, Trog's Hand, Burn Spellbooks, Renounce Religion


You were on level 3 of the Dungeon.
You worshipped Trog.
Trog was pleased with you.
You were not hungry.

You visited 1 branch of the dungeon, and saw 3 of its levels.

You collected 130 gold pieces.

Inventory:

Hand Weapons
 a - a +2 hand axe (weapon)
Missiles
 g - 34 stones (quivered)
Armour
 b - a +0 animal skin (worn)
 e - a +0 shield (worn)
 k - a +0 leather armour
Jewellery
 q - an uncursed ring of protection from fire {unknown}
Scrolls
 d - a scroll of identify
 j - a scroll of teleportation
Potions
 h - 2 potions of curing {unknown}
 i - a potion of might {unknown}
 n - 2 potions of mutation {unknown}
 p - a potion of resistance {unknown}
 r - a potion of heal wounds {unknown}
Comestibles
 c - 3 bread rations
 f - 2 royal jellies
 l - 2 chunks of flesh
 m - a meat ration
 o - 4 fruits


   Skills:
 - Level 4.2 Fighting
 * Level 6.6 Axes
 - Level 2.5 Armour
 - Level 2.4 Dodging


You had 4 spell levels left.
You didn't know any spells.

Dungeon Overview and Level Annotations

Branches:
Dungeon (3/15)

Altars:


Innate Abilities, Weirdness & Mutations

You reflexively headbutt those who attack you in melee.
You have a pair of horns on your head.


Message History

* * * LOW HITPOINT WARNING * * *
The adder bites you but does no damage.
You barely miss the adder. Your headbutt misses the adder. The adder bites you.
* * * LOW HITPOINT WARNING * * *
You are poisoned.
The adder poisons you!
You hit the adder.
The adder is severely wounded.
You feel sick. The adder barely misses you.
A dart slug comes into view.
You slash the adder!
You kill the adder!
Trog accepts your kill.
You feel sick. The dart slug launches a dart at you. The slug dart hits you!
* * * LOW HITPOINT WARNING * * *
* * * LOW HITPOINT WARNING * * *
You feel sick.
You die...

### ##.....###. #.## #.
#....<.....# .#.## ##.##
#......##### ###.####...#
#.....## # ##.....#.. #..#.##
###.####....## #....#
.#...........# #..#.######
#..######.#..######...........
#.........#....÷@...#.####.###
#..#########.#.#.............
...............######.####.##
#..#########.### #.# #......#
#.# #.# ##.###.# #.# #.###.#
##.# #.# #÷# #.)..# ##.# #.#
#.# ##.>## ##.###.#####.#
#w#.#


There were no monsters in sight!

Vanquished Creatures
  Natasha (twice) (D:3)
  4 adders
  An ooze (D:2)
  5 dart slugs
  3 leopard geckos
  4 giant cockroaches
  6 goblins
  7 hobgoblins
  4 jackals
  2 quokkas (D:2)
  A ball python (D:3)
  6 bats
  12 frilled lizards
  5 kobolds
  A rat (D:1)
63 creatures vanquished.

Vanquished Creatures (others)
  An adder (D:3)
  A giant cockroach (D:3)
2 creatures vanquished.

Grand Total: 65 creatures vanquished

Notes
Turn   | Place    | Note
-------+----------+-------------------------------------------
     0 | D:1      | Ketharn the Minotaur Berserker began the quest for the Orb.
     0 | D:1      | Reached XP level 1. HP: 19/19 MP: 0/0
    54 | D:1      | Reached skill level 4 in Axes
    83 | D:1      | Reached XP level 2. HP: 25/27 MP: 1/1
   630 | D:1      | Reached XP level 3. HP: 31/33 MP: 2/2
   870 | D:1      | Upgraded the game from 0.20.0-14-g326068f to 0.20.1-1-g8b1a95d
   925 | D:2      | Reached ** piety under Trog
  1745 | D:2      | Reached skill level 5 in Axes
  1895 | D:2      | Reached XP level 4. HP: 40/40 MP: 3/3
  2127 | D:3      | Noticed Natasha
  2150 | D:3      | Killed Natasha
  2150 | D:3      | Reached skill level 6 in Axes
  2328 | D:3      | Noticed Natasha
  2336 | D:3      | Killed Natasha
  2336 | D:3      | Reached XP level 5. HP: 15/46 MP: 4/4
  2360 | D:3      | HP: 1/46 [dart slug/slug dart (6)]
  2365 | D:3      | Succumbed to an adder's poison

Skill      XL: |  1  2  3  4 |
---------------+-------------+-----
Axes           | 4 5 6 |  6.6
Fighting       | 4 |  4.2
Armour         | |  2.5
Dodging        | |  2.4

Action                   |  1- 3 |  4- 6 || total
-------------------------+-------+-------++-------
Melee: Hand axe          |    89 |    43 ||   132
       Headbutt          |    10 |     6 ||    16
Invok: Berserk           |     2 |     1 ||     3
  Use: Scroll            |       |     6 ||     6
  Eat: Chunk             |     5 |     2 ||     7
Armor: Animal skin       |    14 |    11 ||    25
Dodge: Dodged            |    58 |    21 ||    79
Block: Shield            |       |    17 ||    17
